 Dungeon Crawl Stone Soup version 0.25.1-1-g288607f (webtiles) character file.

Game seed: 1389490124369805956

1246 RonnieColeman the Magician (level 8, 0/46 HPs)
             Began as an Octopode Conjurer on Sept 23, 2020.
             Slain by a hornet zombie (10 damage)
             ... on level 5 of the Dungeon.
             The game lasted 00:15:42 (6104 turns).

RonnieColeman the Magician (Octopode Conjurer)      Turns: 6104, Time: 00:15:43

Health: 0/46       AC:  1    Str:  8    XL:     8   Next: 50%
Magic:  16/19      EV: 13    Int: 19    God:
Gold:   216        SH:  0    Dex: 12    Spells: 19/22 levels left

rFire    x . .     SeeInvis .   t - +3 flail (venom)
rCold    + . .     Gourm    .   (no shield)
rNeg     + . .     Faith    .   (helmet restricted)
rPois    .         Spirit   .   (no amulet)
rElec    .         Reflect  .   i - ring of stealth
rCorr    .         Harm     .   m - ring of positive energy
MR       .....                  q - ring of ice
Stlth    ++++......             (no ring)
HPRegen  0.15/turn              (no ring)
MPRegen  0.16/turn              (no ring)
                                (no ring)
                                (no ring)

@: no status effects
A: almost no armour, stealthy swim, amphibious, 8 rings, constrict 8, camouflage
1, gelatinous body 1
a: no special abilities


You were on level 5 of the Dungeon.
You were hungry.

You visited 1 branch of the dungeon, and saw 5 of its levels.

You collected 216 gold pieces.

Inventory:

Hand Weapons
 a - a +0 dagger
 g - a +0 spear
 t - a +3 flail of venom (weapon)
Jewellery
 i - a ring of stealth (left tentacle)
 m - a ring of positive energy (right tentacle)
 q - a ring of ice (on tentacle)
Scrolls
 f - 3 scrolls of immolation
 h - 7 scrolls of identify
 j - a scroll of amnesia
 l - 2 scrolls of remove curse
 r - a scroll of blinking {unknown}
 s - a scroll of enchant armour {unknown}
 u - 2 scrolls of random uselessness {unknown}
Potions
 c - a potion of heal wounds {unknown}
 d - a potion of degeneration
 k - 3 potions of curing {unknown}
 n - a potion of stabbing {unknown}
 o - 2 potions of ambrosia {unknown}
 p - a potion of magic {unknown}
 v - a potion of flight {unknown}
 w - a potion of might {unknown}
 x - a potion of cancellation {unknown}
Comestibles
 b - 11 rations


   Skills:
 - Level 2.0 Dodging
 - Level 2.6 Stealth
 * Level 7.7 Spellcasting
 + Level 7.0 Conjurations


You had 19 spell levels left.
You knew the following spells:

 Your Spells              Type           Power        Failure   Level  Hunger
a - Magic Dart            Conj           ####         1%          1    None
b - Searing Ray           Conj           ####..       1%          2    None

Your spell library contained the following spells:

 Spells                   Type           Power        Failure   Level  Hunger
 Dazzling Flash           Conj/Hex       ###...       7%          3    #......
 Fulminant Prism          Conj/Hex       ###.......   22%         4    ###....
 Iskenderun's Mystic Bla  Conj/Tloc      ###.....     22%         4    ###....


Dungeon Overview and Level Annotations

Branches:
Dungeon (5/15)
 Temple: D:4-7

Altars:
Ashenzari
Dithmenos
Gozag
Hepliaklqana
Nemelex Xobeh


Innate Abilities, Weirdness & Mutations

You cannot wear most types of armour.
You are very stealthy in the water. (Stealth+)
You are amphibious.
You can wear up to eight rings at the same time.
You can use your tentacles to constrict eight enemies at once.
Your skin changes colour to match your surroundings (Stealth+).
Your rubbery body absorbs attacks. (AC +1, EV +1)


Message History

The hornet zombie is lightly damaged.
You constrict the hornet zombie, but do no damage.
The hornet zombie hits you! x2
* * * LOW HITPOINT WARNING * * *
You are too injured to fight recklessly!
You are too injured to fight recklessly!
You are too injured to fight recklessly!
Casting: Searing Ray (safe; 1% risk of failure)
Confirm with . or Enter, or press ? or * to list all spells.
Aiming: Searing Ray (safe; 1% risk of failure)
Press: ? - help, Shift-Dir - straight line, f - hornet zombie
Aim: a hornet zombie (lightly damaged, constricted by you)
The searing ray hits the hornet zombie!
The hornet zombie is moderately damaged. (Press . to maintain the ray.)
You constrict the hornet zombie. The hornet zombie closely misses you.
The searing ray hits the hornet zombie.
The hornet zombie is heavily damaged.
You constrict the hornet zombie. The hornet zombie hits you!
You die...

#........ #..........
#........ #..........
........##########..........
..................########
................# #.
................# #.
.........######## #####.
.........##########.....
.......@................
....##Z############.....
....... #..... .......
####..... ....... ..........
....... .......... .......
........... .......
........... ###########


You could see a hornet zombie.

Vanquished Creatures
  Edmund (D:4)
  Purgy (D:3)
  2 ogres (D:4)
  Blork the orc (D:5)
  A scorpion (D:4)
  A crimson imp (D:5)
  An orc priest (D:5)
  An iguana (D:5)
  Natasha (thrice) (D:3)
  10 orc wizards
  3 worker ants
  Robin (D:3)
  A worker ant zombie (D:3)
  5 adders
  3 gnolls (D:2)
  A shadow imp (D:5)
  An ooze (D:2)
  A worm (D:3)
  3 dart slugs
  6 leopard geckos
  22 orcs
  5 giant cockroaches
  17 goblins
  4 hobgoblins
  4 jackals (D:3)
  A quokka (D:4)
  A ball python (D:4)
  9 bats
  6 frilled lizards
  7 kobolds
  11 rats
134 creatures vanquished.

Notes
Turn   | Place    | Note
-------+----------+-------------------------------------------
     0 | D:1      | RonnieColeman the Octopode Conjurer began the quest for the
                  | Orb.
     0 | D:1      | Reached XP level 1. HP: 11/11 MP: 3/3
    32 | D:1      | Found a shattered altar of Ashenzari.
   125 | D:1      | Reached XP level 2. HP: 17/17 MP: 0/5
   857 | D:2      | Reached XP level 3. HP: 21/21 MP: 7/7
  1124 | D:2      | Found a faded altar of an unknown god.
  1189 | D:2      | Learned a level 2 spell: Searing Ray
  1263 | D:2      | HP: 1/21 [gnoll/+0 spear (8)]
  1536 | D:2      | Reached XP level 4. HP: 21/27 MP: 2/9
  1977 | D:2      | Found a shadowy altar of Dithmenos.
  1977 | D:2      | Noticed a shadow
  2004 | D:2      | Found a hazy altar of Hepliaklqana.
  2180 | D:3      | Reached XP level 5. HP: 7/31 MP: 5/11
  2468 | D:3      | Noticed Natasha
  2470 | D:3      | Killed Natasha
  2528 | D:3      | Noticed Natasha
  2538 | D:3      | Killed Natasha
  2538 | D:3      | Reached skill level 5 in Conjurations
  3177 | D:3      | Noticed Robin
  3186 | D:3      | Killed Robin
  3453 | D:3      | Noticed Purgy
  3457 | D:3      | Reached XP level 6. HP: 36/36 MP: 11/13
  3469 | D:3      | Killed Purgy
  3469 | D:3      | Reached skill level 5 in Spellcasting
  3945 | D:3      | Noticed Natasha
  3948 | D:3      | Killed Natasha
  4333 | D:4      | Reached XP level 7. HP: 41/41 MP: 6/15
  4574 | D:4      | Found a sparkling altar of Nemelex Xobeh.
  5200 | D:4      | Reached XP level 8. HP: 46/46 MP: 13/18
  5455 | D:5      | Entered Level 5 of the Dungeon
  5456 | D:5      | Noticed Blork the orc
  5464 | D:5      | Killed Blork the orc
  5615 | D:5      | Noticed Edmund
  5662 | D:4      | Killed Edmund
  5961 | D:5      | Found an opulent altar of Gozag.
  6104 | D:5      | Slain by a hornet zombie

Illustrated notes

Levels and vault maps discovered:
D:1:      psy_arrival_radial01, layout_basic, evilmike_ruin_ashenzari
D:2:      layout_basic, riverfiend_overflow_shadow_ancestor,
          chequers_ecumenical_altar_lobes, first_ration
D:3:      layout_loops_ring, uniq_purgy, uniq_robin, uniq_natasha
D:4:      layout_rooms, old_standard_altar, minmay_strange_pillars,
          grunt_decor_fettered
D:5:      layout_basic, lemuel_crystal_altar,
          hangedman_abyss_or_decor_lesser_grid, uniq_blork_the_orc, uniq_edmund

Skill      XL: |  1  2  3  4  5  6  7  8 |
---------------+-------------------------+-----
Spellcasting   | 3 4 5 6 7 |  7.7
Conjurations   | 5 6 7 |  7.0
Dodging        | |  2.0
Stealth        | |  2.6

Action                   |  1- 3 |  4- 6 |  7- 9 || total
-------------------------+-------+-------+-------++-------
Melee: Unarmed           |     2 |       |       ||     2
       Tentacles         |     7 |     8 |     8 ||    23
       Dagger            |     1 |       |       ||     1
       Spear             |    54 |   111 |       ||   165
       Constrict         |     9 |    17 |     7 ||    33
       Flail             |       |       |    28 ||    28
 Cast: Magic Dart        |    12 |    15 |    17 ||    44
       Searing Ray       |     2 |    19 |    25 ||    46
  Use: Scroll            |       |       |     6 ||     6
 Stab: Sleeping          |     8 |    11 |     1 ||    20
  Eat: Chunk             |     1 |    10 |     5 ||    16
Armor: Skin              |     5 |     7 |     3 ||    15
Dodge: Dodged            |    24 |    59 |    24 ||   107
